 Dungeon Crawl Stone Soup version 0.14-a0-3512-gf874658 (webtiles) character file.

1535 HenryFlower the Spear-Bearer (level 8, 0/52 HPs)
             Began as an Octopode Berserker on Mar 26, 2014.
             Was a High Priest of Trog.
             Slain by an orc wizard
             ... wielding a +0,+0 dagger
              (6 damage)
             ... on Level 5 of the Dungeon.
             The game lasted 00:13:17 (4877 turns).

HenryFlower the Spear-Bearer (Octopode Berserker)   Turns: 4877, Time: 00:13:17

HP   0/52        AC  1     Str 16      XL: 8   Next: 64%
MP   8/8         EV 15     Int  9      God: Trog [*****.]
Gold 175         SH  0     Dex 14      Spells:  0 memorised,  7 levels left

rFire  . . .     SeeInvis .     a - +0 halberd
rCold  . . .     Clarity  .     (no shield)
rNeg   . . .     Conserve .     (helmet restricted)
rPois  .         rCorr    .     (no amulet)
rElec  .         rRot     .     (no ring)
SustAb . .       Spirit   .     (no ring)
rMut   .         Warding  .     (no ring)
Saprov . . .     Stasis   .     (no ring)
MR     .....                    (no ring)
                                (no ring)
                                (no ring)
                                (no ring)

@: not resistant to hostile enchantments, fairly stealthy
A: almost no armour, amphibious, 8 rings, constrict 8, camouflage 1, gelatinous
body 1
a: Burn Spellbooks, Berserk, Trog's Hand, Brothers in Arms, Renounce Religion


You were on level 5 of the Dungeon.
You worshipped Trog.
Trog was extremely pleased with you.
You were not hungry.

You visited 1 branch of the dungeon, and saw 5 of its levels.

You collected 175 gold pieces.

Inventory:

Hand weapons
 a - a +0,+0 halberd (weapon)
 b - a +0,+2 dagger of electrocution
 o - a +1,+0 spear
Missiles
 c - 10 poisoned needles
Scrolls
 h - a scroll of remove curse {unknown}
 i - 2 scrolls of noise {unknown}
 j - 2 scrolls of fog {unknown}
 k - 2 scrolls of enchant weapon I {unknown}
 l - 3 scrolls of identify {unknown}
 n - 2 scrolls of recharging {unknown}
 r - a scroll of enchant weapon II {unknown}
Potions
 d - a potion of mutation {unknown}
 e - 4 potions of curing
 f - a potion of brilliance {unknown}
 m - a potion of might {unknown}
 p - a potion of heal wounds {unknown}


   Skills:
 - Level 3.0 Fighting
 + Level 9.5 Polearms
 + Level 5.8 Dodging


You had 7 spell levels left.
You didn't know any spells.

Dungeon Overview and Level Annotations

Branches:
Dungeon (5/15)             Temple (0/1) D:4

Altars:
Ashenzari
Cheibriados
Okawaru
Yredelemnul


Innate Abilities, Weirdness & Mutations

You cannot wear most types of armour.
You are amphibious.
You can wear up to eight rings at the same time.
You can use your tentacles to constrict many enemies at once.
Your skin changes colour to match your surroundings (Stlth).
Your rubbery body absorbs attacks (AC +1).


Message History

Drink which item? (? for menu, Esc to quit)
You feel better.
The orc wizard gestures wildly while chanting.
The orc wizard flickers and vanishes!
Deactivating autopickup; reactivate with Ctrl-A.
Drink which item? (? for menu, Esc to quit)
You feel better. Something hits you but does no damage.
You miss something. Something hits you.
* * * LOW HITPOINT WARNING * * *
You barely miss something.
You hear some strange, mumbled words.
The puff of flame misses you.
You barely miss something. Something hits you.
* * * LOW HITPOINT WARNING * * *
You miss something.
You hear some strange, mumbled words.
The magic dart hits you!
* * * LOW HITPOINT WARNING * * *
You closely miss something. Something hits you.
You die...

............###### ............#
.........(..# ............#
............# .............#
.........)....#
.................# .
#..........(...@..# #..
#..............(..# #..
#...............(.# #..
#.................# #..
#.................# #..
#.................# #..
#.................# #..
#.......<.........# #..
#....)............############..


There were no monsters in sight!

Vanquished Creatures
  Pikel (D:5)
  A deep elf mage (D:4)
  An orc warrior (D:3)
  An ice beast (D:5)
  An ogre (D:4)
  A giant goldfish zombie (D:2)
  An orc priest (D:4)
  2 orc wizards (D:4)
  2 worker ants (D:4)
  An ogre skeleton (D:4)
  5 gnolls
  4 adders
  A big fish zombie (D:2)
  A giant mite (D:3)
  3 worms
  An orc skeleton (D:4)
  2 giant eyeballs
  4 giant geckos
  18 orcs
  4 giant cockroaches
  9 hobgoblins
  11 jackals
  An ooze (D:3)
  3 quokkas
  7 bats
  7 giant newts
  20 goblins
  8 kobolds
  13 rats
134 creatures vanquished.

Notes
Turn   | Place    | Note
--------------------------------------------------------------
     0 | D:1      | HenryFlower, the Octopode Berserker, began the quest for the Orb.
     0 | D:1      | Reached XP level 1. HP: 16/16 MP: 1/1
    49 | D:1      | Reached XP level 2. HP: 21/21 MP: 2/2
   255 | D:1      | Reached skill level 4 in Polearms
   425 | D:1      | Reached XP level 3. HP: 26/26 MP: 3/3
   449 | D:1      | Found a snail-covered altar of Cheibriados.
   609 | D:1      | Acquired Trog's second power
  1571 | D:2      | Reached XP level 4. HP: 31/31 MP: 4/4
  1958 | D:2      | Reached skill level 5 in Polearms
  1958 | D:2      | Reached XP level 5. HP: 36/36 MP: 5/5
  1966 | D:2      | Found a basalt altar of Yredelemnul.
  2387 | D:3      | Reached skill level 6 in Polearms
  2763 | D:3      | Noticed an orc warrior
  2766 | D:3      | Acquired Trog's third power
  2774 | D:3      | Killed an orc warrior
  2774 | D:3      | Reached XP level 6. HP: 11/42 MP: 6/6
  2893 | D:3      | Found an iron altar of Okawaru.
  2908 | D:3      | Reached skill level 7 in Polearms
  3743 | D:4      | Found a staircase to the Ecumenical Temple.
  3805 | D:4      | Reached XP level 7. HP: 46/46 MP: 7/7
  3835 | D:4      | Found a shattered altar of Ashenzari.
  3904 | D:4      | Reached skill level 8 in Polearms
  4540 | D:5      | Entered Level 5 of the Dungeon
  4540 | D:5      | Noticed a deep elf mage
  4552 | D:4      | Killed a deep elf mage
  4705 | D:5      | Noticed Pikel
  4722 | D:5      | Killed Pikel
  4722 | D:5      | Reached skill level 9 in Polearms
  4722 | D:5      | Reached skill level 5 in Dodging
  4722 | D:5      | Reached XP level 8. HP: 52/52 MP: 8/8
  4877 | D:5      | Slain by an orc wizard

Action                   |  1- 3 |  4- 6 |  7- 9 || total
-------------------------+-------+-------+-------++-------
Melee: Spear             |    93 |   148 |       ||   241
       Halberd           |       |    28 |    63 ||    91
Invok: Berserk           |     1 |     1 |     1 ||     3
  Use: Potion            |       |     1 |     2 ||     3
 Stab: Sleeping          |     1 |     1 |     1 ||     3
       Distracted        |       |     1 |       ||     1
